Espoo Blues vs Laval Squanderers
Created - Tuesday, March 21, 2023 at 08:33
Goals
|
| Espoo Blues |
2 |
2 |
3 |
7 |
| Laval Squanderers |
0 |
1 |
2 |
3 |
|
Shots
|
| Espoo Blues |
10 |
13 |
14 |
37 |
| Laval Squanderers |
3 |
9 |
12 |
24 |
|
1st period
1. Espoo Blues , Fredrik Karlstrom 1 (Logan O'Connor 3) at 14:53
2. Espoo Blues , Logan O'Connor 2 (Derek Grant 5) at 16:13
Penalties :
Kyle Burroughs (LSQ) for Fighting (Major) at 14:59, Stefan Noesen (ESP) for Fighting (Major) at 14:59, Chad Ruhwedel (ESP) for Hooking (Minor) at 19:39
2nd period
3. Espoo Blues , Joe Snively 2 (Logan O'Connor 4, Michael Stone 5) at 3:55
4. Espoo Blues , Stefan Noesen 8 (Derick Brassard 9, Joe Snively 4) at 4:07 (PP)
5. Laval Squanderers , Mackenzie MacEachern 3 (Kyle Burroughs 3, Martin Kaut 6) at 5:49
Penalties :
Justin Barron (LSQ) for Fighting (Major) at 3:39, Viktor Lodin (ESP) for Fighting (Major) at 3:39, Joey Keane (LSQ) for Hooking (Minor) at 4:01, Brendan Lemieux (ESP) for Diving (Minor) at 5:52, Gavin Bayreuther (ESP) for Holding (Minor) at 19:45
3rd period
6. Espoo Blues , Mattias Janmark 1 (Derick Brassard 10, Derek Grant 6) at 1:58
7. Laval Squanderers , Reese Johnson 5 (Braden Schneider 2, Brayden Tracey 2) at 11:10
8. Espoo Blues , Derick Brassard 6 (Stefan Noesen 7) at 11:25 (PP)
9. Laval Squanderers , Mackenzie MacEachern 4 (Martin Kaut 7, Braden Schneider 3) at 14:02 (PP)
10. Espoo Blues , Logan O'Connor 3 (Cam York 3, Chad Ruhwedel 3) at 19:32
Penalties :
Connor Clifton (LSQ) for Fighting (Major) at 1:59, Chad Ruhwedel (ESP) for Fighting (Major) at 1:59, Martin Kaut (LSQ) for Fighting (Major) at 2:43, Brendan Lemieux (ESP) for Fighting (Major) at 2:43, Brendan Lemieux (ESP) for instigated a fight (Minor) at 2:43, Brendan Lemieux (ESP) for instigated a fight (10 Minutes Misconduct) at 2:43, Joey Keane (LSQ) for Tripping (Minor) at 4:38, Connor Clifton (LSQ) for Holding (Minor) at 11:20, Stefan Noesen (ESP) for High sticking (Minor) at 13:27, Oliver Wahlstrom (LSQ) for Hooking (Minor) at 15:07
Goalie Stats
Spencer Knight (ESP), 21 saves from 24 shots - (0.875), W, 4-1-0, 60:00 minutes
Mads Sogaard (LSQ), 12 saves from 16 shots - (0.750), L, 3-3-0, 24:07 minutes
Dylan Garand (LSQ), 18 saves from 21 shots - (0.857), 35:53 minutes
Players Stats for Espoo Blues
Player Name G A P +/- PIM S H SB GA TA FO MP PP MP PK MP
------------------------------------------------------------------------------------
Anton Blidh 0 0 0 2 0 1 3 1 0 0 0/1 15:41 0:02 0:00
Brendan Lemieux 0 0 0 -1 19 2 3 0 1 0 1/1 9:37 0:00 0:00
Cam York 0 1 1 1 0 4 0 1 0 0 0/0 20:17 1:47 2:36
Chad Ruhwedel 0 1 1 1 7 1 2 0 0 0 0/0 17:48 0:45 1:07
Derek Grant 0 2 2 -1 0 3 3 0 1 0 19/28 20:17 1:50 5:38
Derick Brassard 1 2 3 1 0 2 2 2 1 0 13/19 18:46 2:13 2:46
Fredrik Karlstrom 1 0 1 2 0 4 2 0 0 0 1/2 15:16 0:02 0:03
Gavin Bayreuther 0 0 0 2 2 0 1 1 0 0 0/0 14:30 0:00 0:00
Joe Snively 1 1 2 0 0 3 1 0 2 0 0/1 17:32 2:25 0:03
Logan O'Connor 2 2 4 2 0 6 3 0 1 0 0/1 22:25 0:05 5:38
Mattias Janmark 1 0 1 1 0 1 0 0 0 0 0/0 6:32 1:38 2:46
Mattias Samuelsson 0 0 0 1 0 1 2 2 0 0 0/0 26:53 2:44 5:51
Michael Stone 0 1 1 1 0 0 2 3 2 0 0/0 25:36 2:30 5:51
Patric Hornqvist 0 0 0 1 0 2 1 0 1 0 0/0 14:38 1:38 0:00
Ridly Greig 0 0 0 1 0 0 1 0 0 0 0/0 7:35 0:00 0:00
Stefan Noesen 1 1 2 -1 7 4 4 1 1 0 0/1 15:04 2:22 0:01
Urho Vaakanainen 0 0 0 1 0 0 0 0 0 1 0/0 15:54 0:24 1:29
Viktor Lodin 0 0 0 1 5 3 1 0 0 0 1/1 7:01 0:00 0:00
Players Stats for Laval Squanderers
Player Name G A P +/- PIM S H SB GA TA FO MP PP MP PK MP
------------------------------------------------------------------------------------
Braden Schneider 0 2 2 -3 0 2 0 1 0 0 0/0 23:00 5:11 1:35
Brayden Tracey 0 1 1 1 0 0 3 0 0 0 0/2 7:12 0:50 0:12
Connor Clifton 0 0 0 0 7 1 2 0 0 3 0/0 24:33 3:09 1:18
Danila Klimovich 0 0 0 -2 0 0 1 0 0 0 4/5 12:54 0:00 0:00
Graeme Clarke 0 0 0 0 0 1 2 1 0 2 4/10 19:46 3:29 0:25
Joey Keane 0 0 0 1 4 1 2 0 0 0 0/0 14:49 1:09 0:00
Justin Barron 0 0 0 -2 5 3 1 1 0 2 0/0 16:31 2:43 1:55
Kaedan Korczak 0 0 0 -2 0 0 0 1 0 0 0/0 18:03 0:00 1:12
Kyle Burroughs 0 1 1 0 5 2 1 1 0 2 0/0 22:49 4:41 2:10
Lias Andersson 0 0 0 -1 0 3 1 0 0 0 7/28 21:02 4:58 1:35
Lukas Reichel 0 0 0 0 0 1 0 0 0 0 1/2 6:52 0:00 1:43
Mackenzie MacEachern 2 0 2 1 0 3 7 0 0 0 0/0 16:43 3:29 0:01
Martin Kaut 0 2 2 1 5 1 3 1 0 0 1/1 18:30 2:30 1:21
Mike Hardman 0 0 0 -4 0 0 3 1 0 0 0/0 17:19 0:09 1:36
Nils Lundkvist 0 0 0 0 0 0 0 1 0 0 0/0 0:12 0:00 0:00
Oliver Wahlstrom 0 0 0 -2 2 3 2 0 1 0 3/5 23:29 4:58 1:17
Reese Johnson 1 0 1 -2 0 2 1 0 0 1 0/0 12:54 0:00 0:00
Simon Holmstrom 0 0 0 -1 0 1 2 0 0 0 0/2 19:05 4:58 0:00
3 Stars
1 - Logan O'Connor (ESP)
2 - Derick Brassard (ESP)
3 - Mackenzie MacEachern (LSQ)
Power Play
Espoo Blues - 2 on 4 Attempt(s) - 50.00%
Laval Squanderers - 1 on 5 Attempt(s) - 20.00%
Penalty Kill
Espoo Blues - 4 on 5 Attempt(s) - 80.00%
- Score 0 goal in Penalty Kill
Laval Squanderers - 2 on 4 Attempt(s) - 50.00%
- Score 0 goal in Penalty Kill
Team Stat
Espoo Blues - Hits : 31 - Faceoff Wins : 35 - Blocked Shots : 11 - Penalty Minutes : 40
Laval Squanderers - Hits : 31 - Faceoff Wins : 20 - Blocked Shots : 8 - Penalty Minutes : 28
Official
Referees : Kelly Sutherland and Kendrick Nicholson
Linesman : Brandon Gawryletz and Derek Amell
Game Notes
Nils Lundkvist is injured at 1:53 of 1st period (Right Foot)
Stefan Noesen beats up Kyle Burroughs at 14:59 of 1st period
Justin Barron beats up Viktor Lodin at 3:39 of 2nd period
Dylan Garand enters game at 4:07 of 2nd period
Connor Clifton beats up Chad Ruhwedel at 1:59 of 3rd period
Martin Kaut and Brendan Lemieux fight to a draw at 2:43 of 3rd period
Espoo Blues
5 vs 5 Forward
Center Left Wing Right Wing Time % Phy DF OF
1 Derick Brassard Joe Snively Logan O'Connor 37 1 1 2
2 Derek Grant Brendan Lemieux Stefan Noesen 36 1 2 2
3 Fredrik Karlstrom Anton Blidh Patric Hornqvist 22 1 2 2
4 Viktor Lodin Ridly Greig Stefan Noesen 5 1 2 2
5 vs 5 Defense
Defense Defense Time % Phy DF OF
1 Mattias Samuelsson Michael Stone 41 1 2 2
2 Chad Ruhwedel Cam York 32 1 2 2
3 Urho Vaakanainen Gavin Bayreuther 20 1 2 2
4 Mattias Samuelsson Cam York 7 1 2 2
PowerPlay Forward
Center Left Wing Right Wing Time % Phy DF OF
1 Derick Brassard Joe Snively Stefan Noesen 62 1 2 2
2 Derek Grant Brendan Lemieux Patric Hornqvist 38 1 2 2
PowerPlay Defense
Defense Defense Time % Phy DF OF
1 Mattias Samuelsson Michael Stone 60 1 2 2
2 Chad Ruhwedel Cam York 40 1 2 2
Penalty Kill 4 Players Forward
Center Wing Time % Phy DF OF
1 Derek Grant Logan O'Connor 60 1 2 2
2 Derick Brassard Mattias Janmark 40 1 2 2
Penalty Kill 4 Players Defense
Defense Defense Time % Phy DF OF
1 Mattias Samuelsson Michael Stone 60 1 2 2
2 Chad Ruhwedel Cam York 40 1 2 2
Penalty Kill - 3 Players Forward
Forward Time % Phy DF OF
1 Derek Grant 60 1 2 2
2 Derick Brassard 40 1 2 2
Penalty Kill - 3 Players Defense
Defense Defense Time % Phy DF OF
1 Mattias Samuelsson Michael Stone 60 1 2 2
2 Chad Ruhwedel Cam York 40 1 2 2
4 vs 4 Forward
Center Wing Time % Phy DF OF
1 Derek Grant Stefan Noesen 60 1 2 2
2 Derick Brassard Joe Snively 40 1 2 2
4 vs 4 Defense
Defense Defense Time % Phy DF OF
1 Mattias Samuelsson Michael Stone 60 1 2 2
2 Chad Ruhwedel Cam York 40 1 2 2
Last Minutes Offensive
Center Left Wing Right Wing Defense Defense
Derek Grant Joe Snively Stefan Noesen Mattias Samuelsson Michael Stone
Last Minutes Defensive
Center Left Wing Right Wing Defense Defense
Derek Grant Derick Brassard Logan O'Connor Mattias Samuelsson Michael Stone
Goaltenders
Starting : Spencer Knight
Backup : Stuart Skinner
Extra Forwards
Normal : Stefan Noesen, Joe Snively, Derick Brassard - PP : Stefan Noesen, Joe Snively - PK : Logan O'Connor
Extra Defensemen
Normal : Cam York, Mattias Samuelsson, Michael Stone - PP : Michael Stone - PK : Urho Vaakanainen, Gavin Bayreuther
Penalty Shots
Stefan Noesen, Patric Hornqvist, Joe Snively, Brendan Lemieux, Viktor Lodin
Laval Squanderers
5 vs 5 Forward
Center Left Wing Right Wing Time % Phy DF OF
1 Lias Andersson Simon Holmstrom Oliver Wahlstrom 40 1 2 2
2 Graeme Clarke Mackenzie MacEachern Martin Kaut 30 1 2 2
3 Danila Klimovich Mike Hardman Reese Johnson 20 1 2 2
4 Oliver Wahlstrom Lukas Reichel Martin Kaut 10 1 2 2
5 vs 5 Defense
Defense Defense Time % Phy DF OF
1 Connor Clifton Kyle Burroughs 40 1 2 2
2 Braden Schneider Justin Barron 30 1 2 2
3 Nils Lundkvist Kaedan Korczak 20 1 2 2
4 Joey Keane Connor Clifton 10 1 2 2
PowerPlay Forward
Center Left Wing Right Wing Time % Phy DF OF
1 Lias Andersson Simon Holmstrom Oliver Wahlstrom 60 1 2 2
2 Graeme Clarke Mackenzie MacEachern Martin Kaut 40 1 2 2
PowerPlay Defense
Defense Defense Time % Phy DF OF
1 Connor Clifton Kyle Burroughs 60 1 2 2
2 Braden Schneider Justin Barron 40 1 2 2
Penalty Kill 4 Players Forward
Center Wing Time % Phy DF OF
1 Oliver Wahlstrom Martin Kaut 60 1 2 2
2 Reese Johnson Simon Holmstrom 40 1 2 2
Penalty Kill 4 Players Defense
Defense Defense Time % Phy DF OF
1 Connor Clifton Kyle Burroughs 60 1 2 2
2 Braden Schneider Justin Barron 40 1 2 2
Penalty Kill - 3 Players Forward
Forward Time % Phy DF OF
1 Oliver Wahlstrom 60 1 2 2
2 Martin Kaut 40 1 2 2
Penalty Kill - 3 Players Defense
Defense Defense Time % Phy DF OF
1 Connor Clifton Kyle Burroughs 60 1 2 2
2 Braden Schneider Justin Barron 40 1 2 2
4 vs 4 Forward
Center Wing Time % Phy DF OF
1 Oliver Wahlstrom Martin Kaut 60 1 2 2
2 Reese Johnson Simon Holmstrom 40 1 2 2
4 vs 4 Defense
Defense Defense Time % Phy DF OF
1 Connor Clifton Kyle Burroughs 60 1 2 2
2 Braden Schneider Justin Barron 40 1 2 2
Last Minutes Offensive
Center Left Wing Right Wing Defense Defense
Lias Andersson Simon Holmstrom Oliver Wahlstrom Connor Clifton Kyle Burroughs
Last Minutes Defensive
Center Left Wing Right Wing Defense Defense
Lias Andersson Simon Holmstrom Oliver Wahlstrom Connor Clifton Kyle Burroughs
Goaltenders
Starting : Mads Sogaard
Backup : Dylan Garand
Extra Forwards
Normal : Brayden Tracey, Mike Hardman, Lukas Reichel - PP : Brayden Tracey, Mike Hardman - PK : Lukas Reichel
Extra Defensemen
Normal : Nils Lundkvist, Kaedan Korczak, Joey Keane - PP : Nils Lundkvist - PK : Kaedan Korczak, Joey Keane
Penalty Shots
Oliver Wahlstrom, Martin Kaut, Reese Johnson, Simon Holmstrom, Mackenzie MacEachern
% Time on Ice - Espoo Blues
Lines # - Real PCT - Wanted PCT - Time Play
Normal Forward
1 - 25% - 37% - 12:03
2 - 32% - 36% - 15:01
3 - 27% - 22% - 12:45
4 - 16% - 5% - 7:35
Normal Defense
1 - 36% - 41% - 17:10
2 - 33% - 32% - 15:35
3 - 29% - 20% - 13:40
4 - 2% - 7% - 0:59
PP Forward
1 - 58% - 62% - 2:22
2 - 42% - 38% - 1:43
PP Defense
1 - 47% - 60% - 1:54
2 - 53% - 40% - 2:11
PK Forward
1 - 77% - 60% - 6:28
2 - 23% - 40% - 1:59
PK Defense
1 - 69% - 60% - 5:51
2 - 31% - 40% - 2:36
PK3 Forward
1 - 0% - 60%
2 - 0% - 40%
PK3 Defense
1 - 0% - 60%
2 - 0% - 40%
44 Forward
1 - 100% - 60% - 0:04
2 - 0% - 40% - 0:00
44 Defense
1 - 0% - 60% - 0:00
2 - 100% - 40% - 0:04
Last Minute Offensive - 0:00
Last Minute Defensive - 0:00
Total
Forward - 60:00
Defense - 60:00
|
% Time on Ice - Laval Squanderers
Lines # - Real PCT - Wanted PCT - Time Play
Normal Forward
1 - 36% - 40% - 17:03
2 - 27% - 30% - 12:43
3 - 27% - 20% - 12:54
4 - 10% - 10% - 4:44
Normal Defense
1 - 39% - 40% - 18:22
2 - 26% - 30% - 12:15
3 - 31% - 20% - 14:28
4 - 5% - 10% - 2:19
PP Forward
1 - 59% - 60% - 4:58
2 - 41% - 40% - 3:29
PP Defense
1 - 60% - 60% - 5:04
2 - 40% - 40% - 3:23
PK Forward
1 - 100% - 60% - 4:05
2 - 0% - 40% - 0:00
PK Defense
1 - 64% - 60% - 2:37
2 - 36% - 40% - 1:28
PK3 Forward
1 - 0% - 60%
2 - 0% - 40%
PK3 Defense
1 - 0% - 60%
2 - 0% - 40%
44 Forward
1 - 100% - 60% - 0:04
2 - 0% - 40% - 0:00
44 Defense
1 - 100% - 60% - 0:04
2 - 0% - 40% - 0:00
Last Minute Offensive - 0:00
Last Minute Defensive - 0:00
Total
Forward - 60:00
Defense - 60:00
|
Play-by-Play
1st period
0:01 of 1st period - Oliver Wahlstrom wins face-off versus Derick Brassard in neutral zone.
0:04 of 1st period - Snap shot by Simon Holmstrom.
0:04 of 1st period - Shot Misses the Net.
0:06 of 1st period - Wrist shot by Simon Holmstrom.
0:06 of 1st period - Shot Misses the Net.
0:08 of 1st period - Slapshot by Connor Clifton.
0:08 of 1st period - Stopped by Spencer Knight with a rebound.
0:10 of 1st period - Slapshot by Kyle Burroughs.
0:10 of 1st period - Shot Blocked by Michael Stone.
0:12 of 1st period - Slapshot by Connor Clifton.
0:12 of 1st period - Shot Blocked by Michael Stone.
0:14 of 1st period - Slapshot by Kyle Burroughs.
0:14 of 1st period - Shot Blocked by Derick Brassard.
0:16 of 1st period - Slapshot by Kyle Burroughs.
0:16 of 1st period - Shot Misses the Net.
0:30 of 1st period - Snap shot by Stefan Noesen.
0:30 of 1st period - Stopped by Mads Sogaard with a rebound.
0:36 of 1st period - Snap shot by Derek Grant.
0:36 of 1st period - Shot Blocked by Martin Kaut.
0:38 of 1st period - Snap shot by Mattias Samuelsson.
0:38 of 1st period - Stopped by Mads Sogaard with a rebound.
0:58 of 1st period - Wrist shot by Patric Hornqvist.
0:58 of 1st period - Stopped by Mads Sogaard with a rebound.
1:41 of 1st period - Slapshot by Reese Johnson.
1:41 of 1st period - Stopped by Spencer Knight without a rebound.
1:42 of 1st period - Danila Klimovich wins face-off versus Derek Grant in Espoo Blues zone.
1:51 of 1st period - Wrist shot by Brendan Lemieux.
1:51 of 1st period - Shot Misses the Net.
1:53 of 1st period - Slapshot by Gavin Bayreuther.
1:53 of 1st period - Shot Blocked by Nils Lundkvist.
1:53 of 1st period - Nils Lundkvist from Laval Squanderers is injured at 1:53 of 1st period (Right Foot).
1:54 of 1st period - Derick Brassard wins face-off versus Lias Andersson in Laval Squanderers zone.
2:20 of 1st period - Connor Clifton is hit by Brendan Lemieux.
2:27 of 1st period - Off-side.
2:28 of 1st period - Derek Grant wins face-off versus Graeme Clarke in neutral zone.
2:41 of 1st period - Wrist shot by Brendan Lemieux.
2:41 of 1st period - Stopped by Mads Sogaard with a rebound.
2:53 of 1st period - Urho Vaakanainen is hit by Oliver Wahlstrom and loses puck.
3:22 of 1st period - Michael Stone is hit by Reese Johnson and loses puck.
3:41 of 1st period - Snap shot by Stefan Noesen.
3:41 of 1st period - Stopped by Mads Sogaard with a rebound.
3:44 of 1st period - Icing by Mackenzie MacEachern.
3:45 of 1st period - Graeme Clarke wins face-off versus Derick Brassard in Laval Squanderers zone.
3:52 of 1st period - Logan O'Connor is hit by Connor Clifton and loses puck.
4:20 of 1st period - Martin Kaut is hit by Stefan Noesen and loses puck.
4:35 of 1st period - Anton Blidh is hit by Joey Keane and loses puck.
5:02 of 1st period - Danila Klimovich is hit by Joe Snively.
5:22 of 1st period - Slapshot by Oliver Wahlstrom.
5:22 of 1st period - Shot Blocked by Mattias Samuelsson.
7:15 of 1st period - Kaedan Korczak is hit by Michael Stone.
8:00 of 1st period - Slapshot by Graeme Clarke.
8:00 of 1st period - Shot Blocked by Cam York.
8:51 of 1st period - Connor Clifton is hit by Gavin Bayreuther and loses puck.
10:31 of 1st period - Kyle Burroughs is hit by Stefan Noesen and loses puck.
11:40 of 1st period - Brendan Lemieux is hit by Simon Holmstrom and loses puck.
12:27 of 1st period - Cam York is hit by Graeme Clarke and loses puck.
12:40 of 1st period - Reese Johnson is hit by Viktor Lodin and loses puck.
13:41 of 1st period - Derick Brassard is hit by Mike Hardman and loses puck.
14:04 of 1st period - Stefan Noesen is hit by Mackenzie MacEachern and loses puck.
14:18 of 1st period - Icing by Ridly Greig.
14:19 of 1st period - Fredrik Karlstrom wins face-off versus Lias Andersson in Espoo Blues zone.
14:38 of 1st period - Logan O'Connor is hit by Justin Barron and loses puck.
14:51 of 1st period - Wrist shot by Fredrik Karlstrom.
14:51 of 1st period - Stopped by Mads Sogaard with a rebound.
14:53 of 1st period - Snap shot by Fredrik Karlstrom.
14:53 of 1st period - Goal by Fredrik Karlstrom - Espoo Blues : 1 - Laval Squanderers : 0.
14:54 of 1st period - Derek Grant wins face-off versus Lias Andersson in neutral zone.
14:57 of 1st period - Oliver Wahlstrom is hit by Mattias Samuelsson and loses puck.
14:59 of 1st period - Stefan Noesen beats up Kyle Burroughs.
14:59 of 1st period - Penalty to Kyle Burroughs for Fighting.
14:59 of 1st period - Penalty to Stefan Noesen for Fighting.
15:00 of 1st period - Derek Grant wins face-off versus Lias Andersson in Laval Squanderers zone.
15:09 of 1st period - Wrist shot by Lias Andersson.
15:09 of 1st period - Shot Misses the Net.
15:17 of 1st period - Simon Holmstrom is hit by Brendan Lemieux.
15:27 of 1st period - Anton Blidh is hit by Martin Kaut and loses puck.
16:00 of 1st period - Mike Hardman is hit by Logan O'Connor and loses puck.
16:13 of 1st period - Snap shot by Logan O'Connor.
16:13 of 1st period - Goal by Logan O'Connor - Espoo Blues : 2 - Laval Squanderers : 0.
16:14 of 1st period - Lias Andersson wins face-off versus Derek Grant in neutral zone.
17:28 of 1st period - Michael Stone is hit by Oliver Wahlstrom and loses puck.
18:26 of 1st period - Wrist shot by Anton Blidh.
18:26 of 1st period - Stopped by Mads Sogaard without a rebound.
18:27 of 1st period - Danila Klimovich wins face-off versus Fredrik Karlstrom in Laval Squanderers zone.
18:27 of 1st period - Danila Klimovich is hit by Fredrik Karlstrom.
19:03 of 1st period - Slapshot by Derek Grant.
19:03 of 1st period - Shot Misses the Net.
19:23 of 1st period - Wrist shot by Mike Hardman.
19:23 of 1st period - Shot Misses the Net.
19:29 of 1st period - Danila Klimovich is hit by Chad Ruhwedel and loses puck.
19:39 of 1st period - Minor Penalty to Chad Ruhwedel for Hooking.
19:40 of 1st period - Lias Andersson wins face-off versus Derek Grant in Espoo Blues zone.
19:40 of 1st period - Wrist shot by Oliver Wahlstrom.
19:40 of 1st period - Stopped by Spencer Knight without a rebound.
19:41 of 1st period - Derek Grant wins face-off versus Lias Andersson in Espoo Blues zone.
19:51 of 1st period - Off-side.
19:52 of 1st period - Derek Grant wins face-off versus Simon Holmstrom in neutral zone.
19:59 of 1st period - Penalty to Stefan Noesen is over, Stefan Noesen is back on ice.
19:59 of 1st period - Snap shot by Derek Grant.
19:59 of 1st period - Stopped by Mads Sogaard without a rebound.
Goals for this period are 2 for Espoo Blues vs 0 for Laval Squanderers.
Shots for this period are 10 for Espoo Blues vs 3 for Laval Squanderers.
2nd period
0:01 of 2nd period - Derek Grant wins face-off versus Lias Andersson in neutral zone.
0:10 of 2nd period - Wrist shot by Derek Grant.
0:10 of 2nd period - Stopped by Mads Sogaard with a rebound.
0:26 of 2nd period - Michael Stone is hit by Graeme Clarke.
1:39 of 2nd period - Penalty to Chad Ruhwedel is over, Chad Ruhwedel is back on ice.
1:47 of 2nd period - Mattias Samuelsson is hit by Danila Klimovich and loses puck.
1:58 of 2nd period - Mike Hardman is hit by Derek Grant and loses puck.
2:25 of 2nd period - Off-side.
2:26 of 2nd period - Graeme Clarke wins face-off versus Anton Blidh in neutral zone.
2:46 of 2nd period - Connor Clifton is hit by Anton Blidh and loses puck.
2:53 of 2nd period - Patric Hornqvist is hit by Mackenzie MacEachern and loses puck.
3:14 of 2nd period - Wrist shot by Martin Kaut.
3:14 of 2nd period - Shot Misses the Net.
3:36 of 2nd period - Snap shot by Martin Kaut.
3:36 of 2nd period - Shot Blocked by Anton Blidh.
3:38 of 2nd period - Snap shot by Kyle Burroughs.
3:38 of 2nd period - Stopped by Spencer Knight without a rebound.
3:39 of 2nd period - Lias Andersson wins face-off versus Stefan Noesen in Espoo Blues zone.
3:39 of 2nd period - Justin Barron beats up Viktor Lodin.
3:39 of 2nd period - Penalty to Justin Barron for Fighting.
3:39 of 2nd period - Penalty to Viktor Lodin for Fighting.
3:40 of 2nd period - Derick Brassard wins face-off versus Lias Andersson in Espoo Blues zone.
3:45 of 2nd period - Wrist shot by Joe Snively.
3:45 of 2nd period - Shot Misses the Net.
3:53 of 2nd period - Wrist shot by Logan O'Connor.
3:53 of 2nd period - Stopped by Mads Sogaard with a rebound.
3:55 of 2nd period - Snap shot by Joe Snively.
3:55 of 2nd period - Goal by Joe Snively - Espoo Blues : 3 - Laval Squanderers : 0.
3:56 of 2nd period - Derek Grant wins face-off versus Lias Andersson in neutral zone.
3:59 of 2nd period - Wrist shot by Derek Grant.
3:59 of 2nd period - Deflect By Oliver Wahlstrom.
3:59 of 2nd period - Stopped by Mads Sogaard with a rebound.
4:01 of 2nd period - Minor Penalty to Joey Keane for Hooking.
4:02 of 2nd period - Derick Brassard wins face-off versus Oliver Wahlstrom in Laval Squanderers zone.
4:03 of 2nd period - Wrist shot by Joe Snively.
4:03 of 2nd period - Stopped by Mads Sogaard with a rebound.
4:05 of 2nd period - Wrist shot by Derick Brassard.
4:05 of 2nd period - Shot Misses the Net.
4:07 of 2nd period - Wrist shot by Stefan Noesen.
4:07 of 2nd period - Goal by Stefan Noesen - Espoo Blues : 4 - Laval Squanderers : 0.
4:07 of 2nd period - Dylan Garand enters game.
4:08 of 2nd period - Derick Brassard wins face-off versus Lias Andersson in neutral zone.
4:33 of 2nd period - Martin Kaut is hit by Derek Grant and loses puck.
4:42 of 2nd period - Slapshot by Joey Keane.
4:42 of 2nd period - Stopped by Spencer Knight with a rebound.
4:54 of 2nd period - Snap shot by Anton Blidh.
4:54 of 2nd period - Shot Misses the Net.
4:56 of 2nd period - Backhand shot by Fredrik Karlstrom.
4:56 of 2nd period - Stopped by Dylan Garand with a rebound.
4:58 of 2nd period - Snap shot by Patric Hornqvist.
4:58 of 2nd period - Stopped by Dylan Garand with a rebound.
5:00 of 2nd period - Wrist shot by Fredrik Karlstrom.
5:00 of 2nd period - Stopped by Dylan Garand with a rebound.
5:34 of 2nd period - Chad Ruhwedel is hit by Simon Holmstrom and loses puck.
5:39 of 2nd period - Snap shot by Oliver Wahlstrom.
5:39 of 2nd period - Deflect By Lias Andersson.
5:39 of 2nd period - Stopped by Spencer Knight with a rebound.
5:41 of 2nd period - Snap shot by Simon Holmstrom.
5:41 of 2nd period - Stopped by Spencer Knight with a rebound.
5:43 of 2nd period - Snap shot by Lias Andersson.
5:43 of 2nd period - Stopped by Spencer Knight without a rebound.
5:44 of 2nd period - Graeme Clarke wins face-off versus Derek Grant in Espoo Blues zone.
5:45 of 2nd period - Wrist shot by Martin Kaut.
5:45 of 2nd period - Shot Misses the Net.
5:47 of 2nd period - Slapshot by Kyle Burroughs.
5:47 of 2nd period - Stopped by Spencer Knight with a rebound.
5:49 of 2nd period - Wrist shot by Mackenzie MacEachern.
5:49 of 2nd period - Goal by Mackenzie MacEachern - Espoo Blues : 4 - Laval Squanderers : 1.
5:50 of 2nd period - Brendan Lemieux wins face-off versus Lias Andersson in neutral zone.
5:52 of 2nd period - Minor Penalty to Brendan Lemieux for Diving.
5:53 of 2nd period - Derek Grant wins face-off versus Lias Andersson in Espoo Blues zone.
5:57 of 2nd period - Connor Clifton is hit by Logan O'Connor and loses puck.
6:27 of 2nd period - Mattias Samuelsson is hit by Martin Kaut.
6:53 of 2nd period - Slapshot by Derek Grant.
6:53 of 2nd period - Deflect By Logan O'Connor.
6:53 of 2nd period - Stopped by Dylan Garand without a rebound.
6:54 of 2nd period - Derek Grant wins face-off versus Graeme Clarke in Laval Squanderers zone.
6:57 of 2nd period - Slapshot by Logan O'Connor.
6:57 of 2nd period - Stopped by Dylan Garand with a rebound.
7:52 of 2nd period - Penalty to Brendan Lemieux is over, Brendan Lemieux is back on ice.
11:20 of 2nd period - Mattias Samuelsson is hit by Joey Keane and loses puck.
12:07 of 2nd period - Kaedan Korczak is hit by Stefan Noesen and loses puck.
12:14 of 2nd period - Chad Ruhwedel is hit by Mackenzie MacEachern and loses puck.
12:25 of 2nd period - Lias Andersson is hit by Chad Ruhwedel and loses puck.
12:44 of 2nd period - Mike Hardman is hit by Brendan Lemieux and loses puck.
13:03 of 2nd period - Urho Vaakanainen is hit by Martin Kaut and loses puck.
13:07 of 2nd period - Icing by Joe Snively.
13:08 of 2nd period - Derek Grant wins face-off versus Graeme Clarke in Espoo Blues zone.
13:08 of 2nd period - Derek Grant is hit by Mackenzie MacEachern.
13:35 of 2nd period - Snap shot by Mike Hardman.
13:35 of 2nd period - Shot Blocked by Gavin Bayreuther.
13:37 of 2nd period - Wrist shot by Mike Hardman.
13:37 of 2nd period - Shot Misses the Net.
14:08 of 2nd period - Icing by Chad Ruhwedel.
14:09 of 2nd period - Danila Klimovich wins face-off versus Derick Brassard in Espoo Blues zone.
15:11 of 2nd period - Lias Andersson is hit by Derick Brassard and loses puck.
15:24 of 2nd period - Oliver Wahlstrom is hit by Mattias Samuelsson and loses puck.
15:31 of 2nd period - Snap shot by Stefan Noesen.
15:31 of 2nd period - Shot Blocked by Kaedan Korczak.
15:33 of 2nd period - Slapshot by Cam York.
15:33 of 2nd period - Stopped by Dylan Garand with a rebound.
15:45 of 2nd period - Brendan Lemieux is hit by Mike Hardman and loses puck.
17:34 of 2nd period - Danila Klimovich is hit by Derick Brassard and loses puck.
17:53 of 2nd period - Stefan Noesen is hit by Brayden Tracey and loses puck.
18:12 of 2nd period - Anton Blidh is hit by Lias Andersson and loses puck.
18:22 of 2nd period - Off-side.
18:23 of 2nd period - Derick Brassard wins face-off versus Brayden Tracey in neutral zone.
18:32 of 2nd period - Slapshot by Cam York.
18:32 of 2nd period - Stopped by Dylan Garand without a rebound.
18:33 of 2nd period - Derick Brassard wins face-off versus Simon Holmstrom in Laval Squanderers zone.
19:34 of 2nd period - Wrist shot by Reese Johnson.
19:34 of 2nd period - Shot Blocked by Michael Stone.
19:36 of 2nd period - Snap shot by Reese Johnson.
19:36 of 2nd period - Shot Misses the Net.
19:38 of 2nd period - Slapshot by Braden Schneider.
19:38 of 2nd period - Stopped by Spencer Knight with a rebound.
19:40 of 2nd period - Snap shot by Justin Barron.
19:40 of 2nd period - Stopped by Spencer Knight without a rebound.
19:41 of 2nd period - Derek Grant wins face-off versus Graeme Clarke in Espoo Blues zone.
19:45 of 2nd period - Minor Penalty to Gavin Bayreuther for Holding.
19:46 of 2nd period - Derek Grant wins face-off versus Lias Andersson in Espoo Blues zone.
Goals for this period are 2 for Espoo Blues vs 1 for Laval Squanderers.
Shots for this period are 13 for Espoo Blues vs 9 for Laval Squanderers.
3rd period
0:01 of 3rd period - Lias Andersson wins face-off versus Derek Grant in neutral zone.
0:06 of 3rd period - Wrist shot by Lias Andersson.
0:06 of 3rd period - Deflect By Oliver Wahlstrom.
0:06 of 3rd period - Shot Misses the Net.
0:06 of 3rd period - Puck is out of play.
0:07 of 3rd period - Derek Grant wins face-off versus Lias Andersson in Espoo Blues zone.
0:32 of 3rd period - Snap shot by Martin Kaut.
0:32 of 3rd period - Stopped by Spencer Knight without a rebound.
0:33 of 3rd period - Martin Kaut wins face-off versus Derek Grant in Espoo Blues zone.
0:34 of 3rd period - Snap shot by Mackenzie MacEachern.
0:34 of 3rd period - Stopped by Spencer Knight with a rebound.
0:36 of 3rd period - Slapshot by Braden Schneider.
0:36 of 3rd period - Shot Misses the Net.
0:38 of 3rd period - Slapshot by Mackenzie MacEachern.
0:38 of 3rd period - Shot Hit the Post.
0:40 of 3rd period - Slapshot by Justin Barron.
0:40 of 3rd period - Shot Misses the Net.
0:42 of 3rd period - Backhand shot by Justin Barron.
0:42 of 3rd period - Stopped by Spencer Knight without a rebound.
0:43 of 3rd period - Derek Grant wins face-off versus Lias Andersson in Espoo Blues zone.
1:45 of 3rd period - Penalty to Gavin Bayreuther is over, Gavin Bayreuther is back on ice.
1:58 of 3rd period - Snap shot by Mattias Janmark.
1:58 of 3rd period - Goal by Mattias Janmark - Espoo Blues : 5 - Laval Squanderers : 1.
1:59 of 3rd period - Derick Brassard wins face-off versus Lias Andersson in neutral zone.
1:59 of 3rd period - Connor Clifton beats up Chad Ruhwedel.
1:59 of 3rd period - Penalty to Connor Clifton for Fighting.
1:59 of 3rd period - Penalty to Chad Ruhwedel for Fighting.
2:00 of 3rd period - Derick Brassard wins face-off versus Lias Andersson in neutral zone.
2:02 of 3rd period - Off-side.
2:03 of 3rd period - Lias Andersson wins face-off versus Logan O'Connor in neutral zone.
2:30 of 3rd period - Snap shot by Logan O'Connor.
2:30 of 3rd period - Shot Misses the Net.
2:40 of 3rd period - Snap shot by Logan O'Connor.
2:40 of 3rd period - Deflect By Derick Brassard.
2:40 of 3rd period - Shot Blocked by Kyle Burroughs.
2:40 of 3rd period - Puck is out of play.
2:41 of 3rd period - Graeme Clarke wins face-off versus Derek Grant in Laval Squanderers zone.
2:43 of 3rd period - Martin Kaut and Brendan Lemieux fight to a draw.
2:43 of 3rd period - Penalty to Martin Kaut for Fighting.
2:43 of 3rd period - Penalty to Brendan Lemieux for Fighting.
2:43 of 3rd period - Penalty to Brendan Lemieux for instigated a fight.
2:43 of 3rd period - Penalty to Brendan Lemieux for instigated a fight.
2:44 of 3rd period - Derek Grant wins face-off versus Lias Andersson in neutral zone.
3:09 of 3rd period - Wrist shot by Mackenzie MacEachern.
3:09 of 3rd period - Deflect By Graeme Clarke.
3:09 of 3rd period - Stopped by Spencer Knight without a rebound.
3:10 of 3rd period - Derek Grant wins face-off versus Graeme Clarke in Espoo Blues zone.
3:10 of 3rd period - Derek Grant is hit by Mackenzie MacEachern.
3:55 of 3rd period - Mattias Samuelsson is hit by Brayden Tracey.
4:18 of 3rd period - Snap shot by Lias Andersson.
4:18 of 3rd period - Shot Blocked by Derick Brassard.
4:20 of 3rd period - Snap shot by Lias Andersson.
4:20 of 3rd period - Stopped by Spencer Knight with a rebound.
4:38 of 3rd period - Minor Penalty to Joey Keane for Tripping.
4:39 of 3rd period - Oliver Wahlstrom wins face-off versus Derek Grant in Laval Squanderers zone.
4:43 of 3rd period - Penalty to Brendan Lemieux is over, Joe Snively is send on ice.
4:54 of 3rd period - Slapshot by Cam York.
4:54 of 3rd period - Stopped by Dylan Garand without a rebound.
4:55 of 3rd period - Oliver Wahlstrom wins face-off versus Derick Brassard in Laval Squanderers zone.
5:04 of 3rd period - Snap shot by Lukas Reichel.
5:04 of 3rd period - Stopped by Spencer Knight with a rebound.
5:06 of 3rd period - Slapshot by Lukas Reichel.
5:06 of 3rd period - Shot Blocked by Mattias Samuelsson.
5:08 of 3rd period - Snap shot by Kyle Burroughs.
5:08 of 3rd period - Shot Blocked by Stefan Noesen.
5:10 of 3rd period - Snap shot by Justin Barron.
5:10 of 3rd period - Stopped by Spencer Knight with a rebound.
5:22 of 3rd period - Braden Schneider is hit by Derek Grant and loses puck.
6:38 of 3rd period - Penalty to Joey Keane is over, Joey Keane is back on ice.
6:54 of 3rd period - Kaedan Korczak is hit by Ridly Greig and loses puck.
6:59 of 3rd period - Wrist shot by Viktor Lodin.
6:59 of 3rd period - Stopped by Dylan Garand with a rebound.
7:01 of 3rd period - Snap shot by Logan O'Connor.
7:01 of 3rd period - Stopped by Dylan Garand with a rebound.
7:03 of 3rd period - Slapshot by Gavin Bayreuther.
7:03 of 3rd period - Shot Misses the Net.
7:39 of 3rd period - Joe Snively is hit by Mackenzie MacEachern.
7:57 of 3rd period - Mike Hardman is hit by Stefan Noesen and loses puck.
8:08 of 3rd period - Patric Hornqvist is hit by Brayden Tracey and loses puck.
9:55 of 3rd period - Michael Stone is hit by Kyle Burroughs.
10:54 of 3rd period - Snap shot by Viktor Lodin.
10:54 of 3rd period - Stopped by Dylan Garand without a rebound.
10:55 of 3rd period - Viktor Lodin wins face-off versus Danila Klimovich in Laval Squanderers zone.
10:58 of 3rd period - Snap shot by Viktor Lodin.
10:58 of 3rd period - Stopped by Dylan Garand without a rebound.
10:59 of 3rd period - Danila Klimovich wins face-off versus Derick Brassard in Laval Squanderers zone.
11:08 of 3rd period - Snap shot by Braden Schneider.
11:08 of 3rd period - Stopped by Spencer Knight with a rebound.
11:10 of 3rd period - Wrist shot by Reese Johnson.
11:10 of 3rd period - Goal by Reese Johnson - Espoo Blues : 5 - Laval Squanderers : 2.
11:11 of 3rd period - Derick Brassard wins face-off versus Lias Andersson in neutral zone.
11:14 of 3rd period - Connor Clifton is hit by Logan O'Connor and loses puck.
11:20 of 3rd period - Minor Penalty to Connor Clifton for Holding.
11:21 of 3rd period - Derick Brassard wins face-off versus Oliver Wahlstrom in Laval Squanderers zone.
11:21 of 3rd period - Snap shot by Stefan Noesen.
11:21 of 3rd period - Deflect By Derick Brassard.
11:21 of 3rd period - Stopped by Dylan Garand with a rebound.
11:23 of 3rd period - Wrist shot by Stefan Noesen.
11:23 of 3rd period - Stopped by Dylan Garand with a rebound.
11:25 of 3rd period - Wrist shot by Derick Brassard.
11:25 of 3rd period - Goal by Derick Brassard - Espoo Blues : 6 - Laval Squanderers : 2.
11:26 of 3rd period - Derick Brassard wins face-off versus Lias Andersson in neutral zone.
11:53 of 3rd period - Derek Grant is hit by Mackenzie MacEachern and loses puck.
12:01 of 3rd period - Off-side.
12:02 of 3rd period - Derek Grant wins face-off versus Graeme Clarke in neutral zone.
12:13 of 3rd period - Wrist shot by Stefan Noesen.
12:13 of 3rd period - Shot Blocked by Braden Schneider.
12:15 of 3rd period - Slapshot by Chad Ruhwedel.
12:15 of 3rd period - Shot Blocked by Justin Barron.
12:17 of 3rd period - Snap shot by Chad Ruhwedel.
12:17 of 3rd period - Shot Misses the Net.
12:54 of 3rd period - Snap shot by Logan O'Connor.
12:54 of 3rd period - Shot Blocked by Mike Hardman.
13:02 of 3rd period - Joe Snively is hit by Connor Clifton and loses puck.
13:19 of 3rd period - Slapshot by Martin Kaut.
13:19 of 3rd period - Shot Misses the Net.
13:27 of 3rd period - Minor Penalty to Stefan Noesen for High sticking.
13:28 of 3rd period - Lias Andersson wins face-off versus Derek Grant in Espoo Blues zone.
13:29 of 3rd period - Wrist shot by Oliver Wahlstrom.
13:29 of 3rd period - Stopped by Spencer Knight with a rebound.
13:31 of 3rd period - Snap shot by Oliver Wahlstrom.
13:31 of 3rd period - Shot Misses the Net.
13:33 of 3rd period - Backhand shot by Oliver Wahlstrom.
13:33 of 3rd period - Stopped by Spencer Knight without a rebound.
13:34 of 3rd period - Derek Grant wins face-off versus Lias Andersson in Espoo Blues zone.
14:02 of 3rd period - Snap shot by Mackenzie MacEachern.
14:02 of 3rd period - Goal by Mackenzie MacEachern - Espoo Blues : 6 - Laval Squanderers : 3.
14:03 of 3rd period - Derick Brassard wins face-off versus Lias Andersson in neutral zone.
14:19 of 3rd period - Snap shot by Joe Snively.
14:19 of 3rd period - Stopped by Dylan Garand with a rebound.
14:54 of 3rd period - Danila Klimovich is hit by Patric Hornqvist and loses puck.
15:00 of 3rd period - Off-side.
15:01 of 3rd period - Lias Andersson wins face-off versus Derick Brassard in neutral zone.
15:07 of 3rd period - Minor Penalty to Oliver Wahlstrom for Hooking.
15:08 of 3rd period - Derick Brassard wins face-off versus Lukas Reichel in Laval Squanderers zone.
15:10 of 3rd period - Slapshot by Derick Brassard.
15:10 of 3rd period - Shot Misses the Net.
15:18 of 3rd period - Slapshot by Derick Brassard.
15:18 of 3rd period - Deflect By Martin Kaut.
15:18 of 3rd period - Shot Misses the Net.
15:18 of 3rd period - Puck is out of play.
15:19 of 3rd period - Lukas Reichel wins face-off versus Joe Snively in Laval Squanderers zone.
15:44 of 3rd period - Martin Kaut is hit by Michael Stone and loses puck.
17:07 of 3rd period - Penalty to Oliver Wahlstrom is over, Oliver Wahlstrom is back on ice.
17:33 of 3rd period - Gavin Bayreuther is hit by Mike Hardman and loses puck.
17:43 of 3rd period - 10 Minutes Misconduct Penalty to Brendan Lemieux is over.
17:44 of 3rd period - Mike Hardman is hit by Fredrik Karlstrom and loses puck.
17:53 of 3rd period - Mike Hardman is hit by Anton Blidh.
18:08 of 3rd period - Mike Hardman is hit by Anton Blidh and loses puck.
18:54 of 3rd period - Slapshot by Chad Ruhwedel.
18:54 of 3rd period - Deflect By Kaedan Korczak.
18:54 of 3rd period - Stopped by Dylan Garand with a rebound.
18:56 of 3rd period - Slapshot by Chad Ruhwedel.
18:56 of 3rd period - Shot Blocked by Graeme Clarke.
19:02 of 3rd period - Slapshot by Cam York.
19:02 of 3rd period - Stopped by Dylan Garand with a rebound.
19:04 of 3rd period - Wrist shot by Anton Blidh.
19:04 of 3rd period - Shot Misses the Net.
19:20 of 3rd period - Snap shot by Logan O'Connor.
19:20 of 3rd period - Shot Misses the Net.
19:32 of 3rd period - Snap shot by Logan O'Connor.
19:32 of 3rd period - Goal by Logan O'Connor - Espoo Blues : 7 - Laval Squanderers : 3.
19:33 of 3rd period - Derek Grant wins face-off versus Brayden Tracey in neutral zone.
19:46 of 3rd period - Snap shot by Brendan Lemieux.
19:46 of 3rd period - Shot Misses the Net.
19:48 of 3rd period - Snap shot by Brendan Lemieux.
19:48 of 3rd period - Stopped by Dylan Garand with a rebound.
Goals for this period are 3 for Espoo Blues vs 2 for Laval Squanderers.
Shots for this period are 14 for Espoo Blues vs 12 for Laval Squanderers.
Back to the Top